Map: Abyssal Reef LE

Players

CaiShen - Winner!

  • Race: Zerg Zerg
  • League: Diamond
  • Spawn Location: 11:00

lepsky

  • Race: Zerg Zerg
  • League: Diamond
  • Spawn Location: 5:00

VOD

Have the link to the VOD?

Description

Time

  • Played on: May 6, 2017, 2:06 p.m.
  • Length: 2:57
Show
View Real Time Build Order
Export as new Build Order

CaiShen Zerg - Winner!

Build Orders: Pool Only 

Get SALT Encoding   

  12  0:04  Drone  
  13  0:09  Extractor  
  12  0:24  Spawning Pool  
  11  0:30  Drone  
  11  0:34  Drone  
  13  0:47  Overlord  
  13  1:10  Metabolic Boost  
  13  1:12  Zergling x4  
  13  1:13  Zergling x2  
  16  1:26  Queen  
  16  1:32  Zergling x2  
  19  1:37  Zergling x2  
  20  1:46  Zergling x2  
  21  1:54  Baneling Nest  
  20  1:59  Overlord  
  20  2:06  Zergling x2  
  21  2:19  Zergling x2  
  22  2:27  Zergling x2  
  21  2:38  Zergling x6  
Show
View Real Time Build Order
Export as new Build Order

lepsky Zerg 

Build Orders: Pool First 

Get SALT Encoding   

  12  0:01  Drone  
  13  0:13  Overlord  
  13  0:19  Drone  
  14  0:32  Drone x2  
  17  0:35  Drone  
  17  0:47  Spawning Pool  
  16  0:50  Drone  
  16  0:56  Drone  
  18  0:58  Extractor  
  17  1:09  Drone  
  18  1:22  Hatchery  
  17  1:33  Queen  
  17  1:35  Zergling x2  
  20  1:40  Zergling x2  
  21  1:47  Overlord  
  21  1:52  Drone  
  22  2:07  Zergling x2  
  23  2:16  Queen  
  24  2:31  Zergling x4  
  24  2:34  Zergling x4  
Tags
 
Add a new tag
Caveats
  • Supply blocks, unpowered buildings, or Contaminate may cause inaccurate times.
  • Supply counts are checked every 10 seconds.